 Dungeon Crawl Stone Soup version 0.19.0-19-g8c6edcc (console) character file.

1499 2d6 the Chopper (level 8, -12/73 HPs)
             Began as a Hill Orc Fighter on Nov 12, 2016.
             Was an Initiate of Uskayaw.
             Mangled by a hill giant
             ... wielding a +0 giant club
              (23 damage)
             ... on level 7 of the Dungeon on Nov 13, 2016.
             The game lasted 00:24:33 (5440 turns).

2d6 the Chopper (Hill Orc Fighter)                  Turns: 5440, Time: 00:24:34

Health: -12/73     AC: 11    Str: 20    XL:     8   Next: 81%
Magic:  4/12       EV: 10    Int:  8    God:    Uskayaw [......]
Gold:   375        SH: 11    Dex: 11    Spells: 0 memorised, 7 levels left

rFire  . . .     SeeInvis .     a - +1 war axe
rCold  . . .     Gourm    .     b - +0 scale mail
rNeg   . . .     Faith    .     c - +1 shield
rPois  .         Spirit   .     o - +0 helmet
rElec  .         Reflect  .     v - +0 cloak
rCorr  .         Harm     .     H - +1 pair of gloves
MR     +....                    (no boots)
Stlth  ..........               (no amulet)
                                r - +3 ring of evasion
                                e - ring of protection from magic

@: no status effects
A: no striking features
a: Renounce Religion


You were on level 7 of the Dungeon.
You worshipped Uskayaw.
Uskayaw was noncommittal.
You were not hungry.

You visited 2 branches of the dungeon, and saw 8 of its levels.

You collected 375 gold pieces.

Inventory:

Hand Weapons
 a - a +1 war axe (weapon)
 C - a +0 falchion
 K - the +4 Vampire's Tooth {vamp}
   (You found it on level 6 of the Dungeon)

   It inflicts no extra harm, but heals its wielder when it wounds a living foe.
 N - a +0 long sword
Missiles
 j - 57 poisoned needles
 l - 200 stones (quivered)
 w - 2 tomahawks
Armour
 b - a +0 scale mail (worn)
 c - a +1 shield (worn)
 o - a +0 helmet (worn)
 p - a +0 pair of gloves
 v - a +0 cloak (worn)
 z - a +2 robe of cold resistance
 D - a +0 chain mail
 H - a +1 pair of gloves (worn)
Jewellery
 e - a ring of protection from magic (left hand)
 g - an uncursed ring of teleportation
 m - an uncursed ring of resist corrosion
 r - a +3 ring of evasion (right hand)
 L - a +4 ring of intelligence
Wands
 t - a wand of paralysis (10/24)
Scrolls
 n - 12 scrolls of identify
 q - 3 scrolls of teleportation {unknown}
 u - a scroll of remove curse
 x - a scroll of recharging
 y - 2 scrolls of magic mapping {unknown}
 E - a scroll of amnesia {unknown}
 F - a scroll of fog {unknown}
 I - a scroll of fear
 J - a scroll of enchant weapon
 M - a scroll of enchant armour
Potions
 d - a potion of might
 h - 2 potions of cancellation {unknown}
 i - 3 potions of curing
 k - a potion of brilliance
 s - a potion of ambrosia
Comestibles
 f - 6 bread rations
 A - 3 meat rations
 B - 3 chunks of flesh
 G - a beef jerky


   Skills:
 + Level 7.4 Fighting
 + Level 7.6 Axes
 + Level 4.4 Armour
 - Level 6.0 Shields
 + Level 6.2 Invocations


You had 7 spell levels left.
You didn't know any spells.

Dungeon Overview and Level Annotations

Branches:
Dungeon (7/15)             Temple (1/1) D:4

Altars:
Ashenzari
Cheibriados
Dithmenos
Elyvilon
Fedhas
Gozag
Hepliaklqana
Kikubaaqudgha
Makhleb
Nemelex Xobeh
Okawaru
Qazlal
Ru
Sif Muna
Trog
Uskayaw
Vehumet
Xom
Yredelemnul
Zin
The Shining One


Message History

Press: ? - help, Shift-Dir - straight line, f - hill giant
Aim: a hill giant, wielding a giant club (chance to defeat MR: 28%)
The hill giant easily resists.
This wand has 10 charges left.
You hit the hill giant.
The hill giant is lightly wounded.
The hill giant hits you with a giant club!!
You slash the hill giant!
The hill giant is lightly wounded.
The hill giant hits you with a giant club!!
* * * LOW HITPOINT WARNING * * *
You stomp with the beat, sending a shockwave through the revelers around you!
The hill giant is heavily wounded.
You feel somewhat more hungry.
You can no longer stomp with the beat.
You can now stomp with the beat.
You stomp with the beat, sending a shockwave through the revelers around you!
The hill giant is heavily wounded.
You feel somewhat more hungry.
You can no longer stomp with the beat.
The hill giant hits you with a giant club!!
You die...

........# ........ ####
#......# #...##......###
#.............#
#.....$.......#
#......C......#
#......@......#
#+#####....########
..###....####...#
.).(......#......#
..........#......#
..........'....>.# #
...###....####...#
####.####+###....####...#
#.<....................)#


You could see a hill giant.

Vanquished Creatures
  The ghost of feblizz the Skirmisher, an amateur HuWn of Zin (D:4)
  An orc warrior (D:6)
  A phantom (D:5)
  A sky beast (D:7)
  An ogre (D:6)
  A scorpion (D:6)
  2 howler monkeys
  2 vampire bats (D:6)
  A crimson imp (D:6)
  A centaur zombie (D:6)
  A jelly (D:7)
  2 orc priests
  2 hounds
  5 orc wizards
  Jessica (D:3)
  4 worker ants
  2 iguanas
  A howler monkey skeleton (D:6)
  6 gnolls
  5 adders
  An adder skeleton (D:6)
  2 worms
  6 leopard geckos
  15 orcs
  A ball python (D:3)
  10 bats
  4 giant cockroaches
  2 goblins (D:1)
  8 hobgoblins
  3 jackals (D:2)
  A kobold (D:1)
  A quokka (D:2)
  A frilled lizard (D:2)
  A quokka skeleton (D:6)
  A rat (D:3)
98 creatures vanquished.

Notes
Turn   | Place    | Note
-------+----------+-------------------------------------------
     0 | D:1      | 2d6 the Hill Orc Fighter began the quest for the Orb.
     0 | D:1      | Reached XP level 1. HP: 19/19 MP: 1/1
   239 | D:1      | Reached XP level 2. HP: 22/27 MP: 2/2
   881 | D:2      | Reached XP level 3. HP: 32/33 MP: 3/3
  1721 | D:3      | Noticed Jessica
  1727 | D:3      | Killed Jessica
  1727 | D:3      | Reached XP level 4. HP: 41/41 MP: 4/4
  1997 | D:4      | Found a staircase to the Ecumenical Temple.
  2015 | Temple   | Entered the Ecumenical Temple
  2269 | Temple   | Became a worshipper of Uskayaw the Reveler
  2426 | D:4      | Reached * piety under Uskayaw
  2429 | D:4      | Reached skill level 1 in Invocations
  2429 | D:4      | Reached XP level 5. HP: 44/47 MP: 1/5
  2429 | D:4      | Reached ** piety under Uskayaw
  2657 | D:4      | Noticed feblizz's ghost (amateur HuWn)
  2674 | D:4      | Killed feblizz's ghost
  2674 | D:4      | Reached skill level 5 in Fighting
  2674 | D:4      | Reached skill level 5 in Axes
  2674 | D:4      | Reached XP level 6. HP: 27/56 MP: 2/8
  2677 | D:4      | Reached *** piety under Uskayaw
  2682 | D:4      | Reached **** piety under Uskayaw
  3006 | D:4      | Reached skill level 5 in Shields
  3058 | D:4      | Reached XP level 7. HP: 60/62 MP: 9/9
  3234 | D:5      | Entered Level 5 of the Dungeon
  3555 | D:5      | Found a sacrificial altar of Ru.
  4112 | D:6      | Reached skill level 5 in Invocations
  4112 | D:6      | Reached XP level 8. HP: 38/71 MP: 11/11
  5433 | D:7      | Noticed a hill giant
  5440 | D:7      | Mangled by a hill giant

Skill      XL: |  1  2  3  4  5  6  7  8 |
---------------+-------------------------+-----
Axes           | 3 4 5 6 7 |  7.6
Fighting       | 4 5 6 7 |  7.4
Shields        | 4 5 6 |  6.0
Invocations    | 1 2 3 5 6 |  6.2
Armour         | 4 |  4.4

Action                   |  1- 3 |  4- 6 |  7- 9 || total
-------------------------+-------+-------+-------++-------
Melee: War axe           |   125 |    56 |   184 ||   365
Throw: Stone             |     3 |       |     3 ||     6
Invok: Stomp             |       |     2 |     6 ||     8
       Line Pass         |       |     1 |     3 ||     4
Evoke: Wand              |       |       |     1 ||     1
  Use: Scroll            |     8 |       |     2 ||    10
 Stab: Paralysed         |       |     2 |     5 ||     7
       Confused          |       |     1 |       ||     1
  Eat: Chunk             |     3 |       |     9 ||    12
       Meat ration       |       |     1 |       ||     1
Armor: Scale mail        |    67 |    21 |    86 ||   174
Dodge: Dodged            |    36 |    16 |    85 ||   137
Block: Shield            |    67 |    25 |    98 ||   190
